TOP OF THE 1ST |
West Virginia Power batting - Pitching for Dayton Dragons : RHP Adam McCurdy
|
Pitching: RHP Adam McCurdy
|
|
Batting: LHB Micah Boshnjaku
|
0-0: Called Strike 0-1: Foul Ball, location: 2F 0-2: Strikes out looking
|
Batting: RHB Ron Corn
|
0-0: Ball 1-0: Ball 2-0: Ball 3-0: Called Strike 3-1: Called Strike 3-2: Base on Balls
|
Batting: SHB Francisco Gutierrez
|
0-0: Ball Ron Corn steals 2nd base (no throw) 1-0: Ball 2-0: Called Strike 2-1: Foul Ball, location: 2F 2-2: Foul Ball, location: 2F 2-2: Strikes out swinging
|
Batting: RHB Tom Primmer
|
0-0: Ball 1-0: Ball 2-0: Called Strike 2-1: Foul Ball, location: 2F 2-2: Ground out 5-3 (Groundball, 5, EV 88.1 MPH)
|
Top of the 1st over - 0 runs, 0 hits, 0 errors, 1 left on base; West Virginia 0 - Dayton 0 |
BOTTOM OF THE 1ST |
Dayton Dragons batting - Pitching for West Virginia Power : RHP Josh Markham
|
Pitching: RHP Josh Markham
|
|
Batting: LHB Nick Nino
|
0-0: Ball 1-0: Foul Ball, location: 2F 1-1: Ball 2-1: Ground out U3 (Groundball, 3, EV 87.5 MPH)
|
Batting: LHB Leo Gomez
|
0-0: Swinging Strike 0-1: Ball 1-1: Ball 2-1: Swinging Strike 2-2: SINGLE (Groundball, 6D, EV 103.8 MPH)
|
Batting: SHB Kristian Kristensen
|
0-0: Ball Leo Gomez steals 2nd base 1-0: Foul Ball, location: 2F 1-1: Ball Balk! Leo Gomez to third 2-1: Called Strike 2-2: SINGLE (Groundball, 4D, EV 101.9 MPH) Leo Gomez scores
|
Batting: LHB Chris Grunwald
|
0-0: Ball 1-0: Ball 2-0: Called Strike 2-1: Ball 3-1: Base on Balls Kristian Kristensen to second
|
Batting: RHB John Galluzzo
|
0-0: Called Strike 0-1: Ball 1-1: SINGLE (Groundball, 56D, EV 110.0 MPH) Kristian Kristensen to third Chris Grunwald to second Runner from 3rd tries for Home, SAFE, throw by LF to home
|
Batting: RHB Bruno André
|
0-0: Ball Wild Pitch! Chris Grunwald to third John Galluzzo to second 1-0: Foul Ball, location: 2F 1-1: Called Strike 1-2: Strikes out swinging
|
Batting: LHB Andrew Hamm
|
0-0: Called Strike 0-1: Called Strike 0-2: Ball 1-2: Strikes out looking
|
Bottom of the 1st over - 2 runs, 3 hits, 0 errors, 2 left on base; West Virginia 0 - Dayton 2 |
TOP OF THE 2ND |
West Virginia Power batting - Pitching for Dayton Dragons : RHP Adam McCurdy
|
Batting: RHB Jordan Robinson
|
0-0: Swinging Strike 0-1: Ball 1-1: Foul Ball, location: 2F 1-2: Ball 2-2: Ball 3-2: Strikes out looking
|
Batting: SHB Brad Day
|
0-0: Ball 1-0: Swinging Strike 1-1: Reached on error, E5 (Groundball, 56, EV 84.4 MPH)
|
Batting: RHB Dennis Coppolino
|
0-0: Foul Ball, location: 2F 0-1: Ball 1-1: Ball 2-1: Ball Brad Day steals 2nd base 3-1: DOUBLE (Line Drive, 8RXD, EV 103.8 MPH) Brad Day scores
|
Batting: RHB Ted Goldblatt
|
0-0: Foul Ball, location: 2F 0-1: Called Strike 0-2: Strikes out swinging
|
Batting: RHB John Beiswenger
|
0-0: Ball 1-0: Called Strike 1-1: Ball 2-1: SINGLE (Groundball, 56D, EV 106.9 MPH) Dennis Coppolino to third Runner from 3rd tries for Home, throw by LF and OUT! 7-2
|
Top of the 2nd over - 1 run, 2 hits, 1 error, 1 left on base; West Virginia 1 - Dayton 2 |
BOTTOM OF THE 2ND |
Dayton Dragons batting - Pitching for West Virginia Power : RHP Josh Markham
|
Batting: RHB Jonathan Davis
|
0-0: Fly out, F5 (Flyball, 5D, EV 88.8 MPH)
|
Batting: RHB Pat Grover
|
0-0: Ball 1-0: Called Strike 1-1: Foul Ball, location: 2F 1-2: Foul Ball, location: 2F 1-2: Ball 2-2: Foul Ball, location: 2F 2-2: Ball 3-2: Foul Ball, location: 2F 3-2: Foul Ball, location: 2F 3-2: Fly out, F4 (Popup, 4M, EV 63.8 MPH)
|
Batting: LHB Nick Nino
|
0-0: Called Strike 0-1: Ball 1-1: Called Strike 1-2: Ball 2-2: Foul Ball, location: 2F 2-2: Ball 3-2: Base on Balls
|
Batting: LHB Leo Gomez
|
0-0: Called Strike 0-1: Ball 1-1: Ground out 6-3 (Groundball, 6M, EV 79.4 MPH)
|
Bottom of the 2nd over - 0 runs, 0 hits, 0 errors, 1 left on base; West Virginia 1 - Dayton 2 |
TOP OF THE 3RD |
West Virginia Power batting - Pitching for Dayton Dragons : RHP Adam McCurdy
|
Batting: LHB Micah Boshnjaku
|
0-0: Called Strike 0-1: Ball 1-1: Foul Ball, location: 2F 1-2: Ball 2-2: Ball 3-2: Foul Ball, location: 2F 3-2: Ground out 4-3 (Groundball, 4M, EV 83.8 MPH)
|
Batting: RHB Ron Corn
|
0-0: Ball 1-0: Ball 2-0: Ball 3-0: Called Strike 3-1: Called Strike 3-2: Base on Balls
|
Batting: SHB Francisco Gutierrez
|
0-0: Called Strike 0-1: Ball Ron Corn steals 2nd base 1-1: Called Strike 1-2: Ball 2-2: Foul Ball, location: 2F 2-2: Foul Ball, location: 2F 2-2: Strikes out swinging
|
Batting: RHB Tom Primmer
|
0-0: SINGLE (Line Drive, 3D, EV 98.8 MPH) Ron Corn to third Runner from 3rd tries for Home, SAFE, throw by RF to home
|
Batting: RHB Jordan Robinson
|
0-0: Called Strike 0-1: Fly out, F4 (Flyball, 3D, EV 84.4 MPH)
|
Top of the 3rd over - 1 run, 1 hit, 0 errors, 1 left on base; West Virginia 2 - Dayton 2 |
BOTTOM OF THE 3RD |
Dayton Dragons batting - Pitching for West Virginia Power : RHP Josh Markham
|
Batting: SHB Kristian Kristensen
|
0-0: Foul Ball, location: 2F 0-1: Ball 1-1: Ball 2-1: Ball 3-1: Base on Balls
|
Batting: LHB Chris Grunwald
|
0-0: Swinging Strike 0-1: Foul Ball, location: 2F 0-2: Ball 1-2: Ball 2-2: Ball 3-2: SINGLE (Line Drive, 8LS, EV 111.9 MPH) Kristian Kristensen to second
|
Batting: RHB John Galluzzo
|
0-0: SINGLE (Line Drive, 6MD, EV 95.6 MPH) Kristian Kristensen to third Chris Grunwald to second
|
Batting: RHB Bruno André
|
0-0: Called Strike 0-1: SINGLE (Groundball, 4MS, EV 71.9 MPH) (infield hit) Kristian Kristensen scores Chris Grunwald to third John Galluzzo to second
|
Batting: LHB Andrew Hamm
|
0-0: Called Strike 0-1: Ball 1-1: Swinging Strike 1-2: Ball 2-2: Strikes out swinging
|
Batting: RHB Jonathan Davis
|
0-0: Ball 1-0: Called Strike 1-1: Called Strike 1-2: Strikes out looking
|
Batting: RHB Pat Grover
|
0-0: Foul Ball, location: 2F 0-1: Ball 1-1: Foul Ball, location: 2F 1-2: Ball 2-2: Strikes out swinging
|
Bottom of the 3rd over - 1 run, 3 hits, 0 errors, 3 left on base; West Virginia 2 - Dayton 3 |
TOP OF THE 4TH |
West Virginia Power batting - Pitching for Dayton Dragons : RHP Adam McCurdy
|
Batting: SHB Brad Day
|
0-0: Foul Ball, location: 2F 0-1: Ball 1-1: Called Strike 1-2: SOLO HOME RUN (Flyball, 9LD, EV 93.1 MPH), Distance : 332 ft
|
Batting: RHB Dennis Coppolino
|
0-0: Ball 1-0: Ball 2-0: Swinging Strike 2-1: Swinging Strike 2-2: Foul Ball, location: 2F 2-2: Ground out 4-3 (Groundball, 4, EV 81.9 MPH)
|
Batting: RHB Ted Goldblatt
|
0-0: Ball 1-0: Called Strike 1-1: Ground out 5-3 (Groundball, 56S, EV 78.1 MPH)
|
Batting: RHB John Beiswenger
|
0-0: Ball 1-0: Ball 2-0: Ball 3-0: Called Strike 3-1: Base on Balls
|
Batting: LHB Micah Boshnjaku
|
0-0: Ball 1-0: Called Strike 1-1: Ball 2-1: Ground out U3 (Groundball, 3, EV 87.5 MPH)
|
Top of the 4th over - 1 run, 1 hit, 0 errors, 1 left on base; West Virginia 3 - Dayton 3 |
BOTTOM OF THE 4TH |
Dayton Dragons batting - Pitching for West Virginia Power : RHP Josh Markham
|
Batting: LHB Nick Nino
|
0-0: Ball 1-0: Fly out, F4 (Popup, 34S, EV 91.9 MPH)
|
Batting: LHB Leo Gomez
|
0-0: Ball 1-0: SINGLE (Groundball, 34D, EV 93.8 MPH)
|
Batting: SHB Kristian Kristensen
|
0-0: Ball Leo Gomez steals 2nd base 1-0: Ball Leo Gomez steals 3rd base 2-0: Called Strike 2-1: Swinging Strike 2-2: Ball 3-2: Foul Ball, location: 2F 3-2: Ground out 4-3 (Groundball, 4, EV 105.0 MPH) Leo Gomez scores
|
Batting: LHB Chris Grunwald
|
0-0: Ball 1-0: Foul Ball, location: 2F 1-1: Called Strike 1-2: Strikes out swinging
|
Bottom of the 4th over - 1 run, 1 hit, 0 errors, 0 left on base; West Virginia 3 - Dayton 4 |
TOP OF THE 5TH |
West Virginia Power batting - Pitching for Dayton Dragons : RHP Adam McCurdy
|
Batting: RHB Ron Corn
|
0-0: Swinging Strike 0-1: Foul Ball, location: 2F 0-2: Ball 1-2: Ball 2-2: Foul Ball, location: 2F 2-2: Strikes out looking
|
Batting: SHB Francisco Gutierrez
|
0-0: Called Strike 0-1: Ball 1-1: Ball 2-1: Hit by Pitch
|
Pitching: RHP Doug Elliott
|
|
Batting: RHB Tom Primmer
|
0-0: Ball Francisco Gutierrez steals 2nd base 1-0: Ball 2-0: Swinging Strike 2-1: Swinging Strike 2-2: Ball 3-2: Base on Balls
|
Batting: RHB Jordan Robinson
|
0-0: Swinging Strike 0-1: Ball Francisco Gutierrez steals 3rd base Tom Primmer to second 1-1: Ball 2-1: Ball 3-1: Ground out 6-3 (Groundball, P, EV 85.0 MPH)
|
Batting: SHB Brad Day
|
0-0: Called Strike 0-1: Ball 1-1: Foul Ball, location: 2F 1-2: Foul Ball, location: 2F 1-2: Ball 2-2: Ball 3-2: SINGLE (Groundball, 56, EV 96.2 MPH) Francisco Gutierrez scores Tom Primmer to third Runner from 3rd tries for Home, SAFE, throw by LF to home
|
Batting: RHB Dennis Coppolino
|
0-0: Called Strike Brad Day steals 2nd base 0-1: Swinging Strike 0-2: Ball 1-2: Ball 2-2: Strikes out looking
|
Top of the 5th over - 2 runs, 1 hit, 0 errors, 1 left on base; West Virginia 5 - Dayton 4 |
BOTTOM OF THE 5TH |
Dayton Dragons batting - Pitching for West Virginia Power : RHP Josh Markham
|
Batting: RHB John Galluzzo
|
0-0: Foul Ball, location: 2F 0-1: Ball 1-1: Ground out 5-3 (Groundball, 56, EV 99.4 MPH)
|
Batting: RHB Bruno André
|
0-0: Called Strike 0-1: Ball 1-1: Ball 2-1: Foul Ball, location: 2F 2-2: Ground out 6-3 (Groundball, 6, EV 105.0 MPH)
|
Pitching: RHP Bobby Detmer
|
|
Batting: LHB Andrew Hamm
|
0-0: Ball 1-0: Called Strike 1-1: Called Strike 1-2: Ball 2-2: Strikes out swinging
|
Bottom of the 5th over - 0 runs, 0 hits, 0 errors, 0 left on base; West Virginia 5 - Dayton 4 |
TOP OF THE 6TH |
West Virginia Power batting - Pitching for Dayton Dragons : RHP Doug Elliott
|
Batting: RHB Ted Goldblatt
|
0-0: Swinging Strike 0-1: Called Strike 0-2: Hit by Pitch
|
Pitching: RHP Joe Green
|
|
Batting: RHB John Beiswenger
|
0-0: Called Strike 0-1: Called Strike Ted Goldblatt steals 2nd base 0-2: Strikes out looking
|
Batting: LHB Micah Boshnjaku
|
0-0: Swinging Strike 0-1: Ball 1-1: Ball 2-1: Foul Ball, location: 2F 2-2: Foul Ball, location: 2F 2-2: Reached on error, E6 (Groundball, 6S, EV 72.5 MPH) Ted Goldblatt to third
|
Batting: RHB Ron Corn
|
0-0: Ball Micah Boshnjaku is caught stealing 2nd base 2-4 1-0: Ball 2-0: Swinging Strike 2-1: Ball 3-1: SINGLE (Groundball, P, EV 78.8 MPH) (infield hit) Ted Goldblatt scores
|
Batting: SHB Francisco Gutierrez
|
0-0: Ball Ron Corn steals 2nd base 1-0: Ball 2-0: Called Strike 2-1: Ball 3-1: Base on Balls
|
Batting: RHB Tom Primmer
|
0-0: Ball 1-0: Ball 2-0: Ball 3-0: Base on Balls Ron Corn to third Francisco Gutierrez to second
|
Batting: RHB Jordan Robinson
|
0-0: Foul Ball, location: 2F 0-1: Ball Wild Pitch! Ron Corn scores Francisco Gutierrez to third Tom Primmer to second 1-1: Ball 2-1: Ball 3-1: Base on Balls
|
Pitching: RHP Ricky Castillo
|
|
Batting: SHB Brad Day
|
0-0: Ball Wild Pitch! Francisco Gutierrez scores Tom Primmer to third Jordan Robinson to second 1-0: Ball 2-0: Called Strike 2-1: Swinging Strike 2-2: Foul Ball, location: 2F 2-2: Ball Wild Pitch! Tom Primmer scores Jordan Robinson to third 3-2: Foul Ball, location: 2F 3-2: Base on Balls
|
Batting: RHB Dennis Coppolino
|
0-0: Swinging Strike 0-1: Swinging Strike 0-2: Ball 1-2: SINGLE (Line Drive, 78S, EV 108.8 MPH) Jordan Robinson scores Brad Day to second
|
Batting: RHB Ted Goldblatt
|
0-0: Swinging Strike 0-1: Swinging Strike 0-2: Ball 1-2: Ball 2-2: Ball 3-2: Ground out 4-3 (Groundball, 4, EV 86.2 MPH)
|
Top of the 6th over - 5 runs, 2 hits, 1 error, 2 left on base; West Virginia 10 - Dayton 4 |
BOTTOM OF THE 6TH |
Dayton Dragons batting - Pitching for West Virginia Power : RHP Bobby Detmer
|
Batting: RHB Jonathan Davis
|
0-0: Fly out, F4 (Line Drive, 4, EV 61.9 MPH)
|
Batting: RHB Pat Grover
|
0-0: Called Strike 0-1: Ball 1-1: Foul Ball, location: 2F 1-2: Strikes out swinging
|
Batting: LHB Nick Nino
|
0-0: Ball 1-0: Ground out U3 (Groundball, 3S, EV 78.8 MPH)
|
Bottom of the 6th over - 0 runs, 0 hits, 0 errors, 0 left on base; West Virginia 10 - Dayton 4 |
TOP OF THE 7TH |
West Virginia Power batting - Pitching for Dayton Dragons : RHP Ricky Castillo
|
Batting: RHB John Beiswenger
|
0-0: Foul Ball, location: 2F 0-1: Ball 1-1: Ball 2-1: Swinging Strike 2-2: Strikes out swinging
|
Batting: LHB Micah Boshnjaku
|
0-0: Ball 1-0: Foul Ball, location: 2F 1-1: Called Strike 1-2: Ball 2-2: Foul Ball, location: 2F 2-2: Ball 3-2: Base on Balls
|
Pitching: LHP Tim Ketcham
|
|
Batting: RHB Ron Corn
|
0-0: Called Strike 0-1: Called Strike 0-2: Foul Ball, location: 2F 0-2: Ball 1-2: Ball 2-2: SINGLE (Groundball, 34, EV 89.4 MPH) (infield hit) Micah Boshnjaku to second
|
Batting: SHB Francisco Gutierrez
|
0-0: Called Strike 0-1: Swinging Strike 0-2: Ball Wild Pitch! Micah Boshnjaku to third Ron Corn to second 1-2: Foul Ball, location: 2F 1-2: Ball 2-2: Ball 3-2: Strikes out swinging
|
Batting: RHB Tom Primmer
|
0-0: Ground out 6-3 (Groundball, 56, EV 98.1 MPH)
|
Top of the 7th over - 0 runs, 1 hit, 0 errors, 2 left on base; West Virginia 10 - Dayton 4 |
BOTTOM OF THE 7TH |
Dayton Dragons batting - Pitching for West Virginia Power : RHP Bobby Detmer
|
Batting: LHB Leo Gomez
|
0-0: TRIPLE (Flyball, 89XD, EV 95.6 MPH)
|
Batting: SHB Kristian Kristensen
|
0-0: Ball 1-0: Foul Ball, location: 2F 1-1: Ball 2-1: Ball 3-1: SINGLE (Line Drive, 8RS, EV 91.2 MPH) Leo Gomez scores
|
Batting: LHB Chris Grunwald
|
0-0: Ball 1-0: Ball 2-0: Ball 3-0: Called Strike 3-1: Called Strike 3-2: Fly out, F7 (Flyball, 78S, EV 88.1 MPH)
|
Batting: RHB John Galluzzo
|
0-0: Ball 1-0: Fly out, F8 (Flyball, 8LD, EV 103.8 MPH)
|
Batting: RHB Bruno André
|
0-0: 2-RUN HOME RUN (Flyball, 78XD, EV 100.6 MPH), Distance : 390 ft
|
Pitching: RHP Dave Weinraub
|
|
Batting: LHB Andrew Hamm
|
0-0: Ball 1-0: Called Strike 1-1: Ball 2-1: Ball 3-1: Foul Ball, location: 2F 3-2: Fly out, F9 (Flyball, 89M, EV 78.8 MPH)
|
Bottom of the 7th over - 3 runs, 3 hits, 0 errors, 0 left on base; West Virginia 10 - Dayton 7 |
TOP OF THE 8TH |
West Virginia Power batting - Pitching for Dayton Dragons : LHP Tim Ketcham
|
Pitching: RHP Justin Ambrose
|
|
Batting: RHB Jordan Robinson
|
0-0: Foul Ball, location: 2F 0-1: Foul Ball, location: 2F 0-2: Ball 1-2: DOUBLE (Line Drive, 89XD, EV 99.4 MPH)
|
Batting: SHB Brad Day
|
0-0: Ball 1-0: Bunted foul 1-1: Sac Bunt to 5S - play at first, batter OUT! 5-4 Jordan Robinson to third
|
Batting: RHB Dennis Coppolino
|
0-0: Called Strike 0-1: Ball 1-1: Called Strike 1-2: Strikes out swinging
|
Batting: RHB Ted Goldblatt
|
0-0: Ball 1-0: Called Strike 1-1: Swinging Strike 1-2: Ball 2-2: Ball 3-2: Base on Balls
|
Batting: RHB John Beiswenger
|
0-0: Ground out 1-3 (Groundball, P, EV 67.5 MPH)
|
Top of the 8th over - 0 runs, 1 hit, 0 errors, 2 left on base; West Virginia 10 - Dayton 7 |
BOTTOM OF THE 8TH |
Dayton Dragons batting - Pitching for West Virginia Power : RHP Dave Weinraub
|
Batting: RHB Jonathan Davis
|
0-0: Ground out 6-3 (Groundball, 6, EV 85.6 MPH)
|
Batting: RHB Pat Grover
|
0-0: Called Strike 0-1: Ball 1-1: Ball 2-1: Swinging Strike 2-2: Ball 3-2: Foul Ball, location: 2F 3-2: Strikes out looking
|
Batting: LHB Nick Nino
|
0-0: Ball 1-0: Ball 2-0: Bunt for hit to 23 - play at first, batter OUT! 3-4
|
Bottom of the 8th over - 0 runs, 0 hits, 0 errors, 0 left on base; West Virginia 10 - Dayton 7 |
TOP OF THE 9TH |
West Virginia Power batting - Pitching for Dayton Dragons : RHP Justin Ambrose
|
Batting: LHB Micah Boshnjaku
|
0-0: Called Strike 0-1: Ball 1-1: Fly out, F8 (Flyball, 8RM, EV 88.1 MPH)
|
Batting: RHB Ron Corn
|
0-0: Foul Ball, location: 2F 0-1: Ball 1-1: Called Strike 1-2: Ball 2-2: Ground out U3 (Groundball, 3L, EV 81.2 MPH)
|
Batting: SHB Francisco Gutierrez
|
0-0: Called Strike 0-1: Ball 1-1: Swinging Strike 1-2: Ball 2-2: Strikes out looking
|
Top of the 9th over - 0 runs, 0 hits, 0 errors, 0 left on base; West Virginia 10 - Dayton 7 |
BOTTOM OF THE 9TH |
Dayton Dragons batting - Pitching for West Virginia Power : RHP Dave Weinraub
|
Pitching: RHP Troy Conners
|
|
Batting: LHB Leo Gomez
|
0-0: Called Strike 0-1: Ground out 5-3 (Groundball, 25, EV 90.0 MPH)
|
Batting: SHB Kristian Kristensen
|
0-0: Ball 1-0: Called Strike 1-1: Ball 2-1: Ball 3-1: Foul Ball, location: 2F 3-2: Foul Ball, location: 2F 3-2: Foul Ball, location: 2F 3-2: SOLO HOME RUN (Flyball, 9D, EV 102.5 MPH), Distance : 373 ft
|
Batting: LHB Chris Grunwald
|
0-0: Fly out, F4 (Flyball, 34D, EV 88.1 MPH)
|
Pinch Hitting: LHB Matt Kennedy
|
0-0: Fly out, F7 (Flyball, 78D, EV 101.9 MPH)
|
Bottom of the 9th over - 1 run, 1 hit, 0 errors, 0 left on base; West Virginia 10 - Dayton 8 |
|